 Seeded DCSS version 0.29-a0-582-ge82337ba6a (webtiles) character file.

Game seed: 7480267388252655561 (custom seed)

1950 zeratav the Fighter (level 8, -3/79 HPs)
             Began as a Minotaur Berserker on June 14, 2022.
             Was a Priest of Trog.
             Slain by a gnoll
             ... wielding a +0 halberd
             ... led by a gnoll shaman
              (8 damage)
             ... on level 6 of the Dungeon.
             The game lasted 00:09:31 (4974 turns).

zeratav the Fighter (Minotaur Berserker)            Turns: 4974, Time: 00:09:31

Health: -3/79      AC:  9    Str: 24    XL:     8   Next: 99%
Magic:  0/7        EV: 11    Int:  4    God:    Trog [***...]
Gold:   247        SH:  0    Dex: 10    Spells: 7/7 levels left

rFire   + . .      SeeInvis .   C - +1 quarterstaff (spect) {staff}
rCold   . . .      Faith    .   (shield currently unavailable)
rNeg    . . .      Spirit   +   j - +0 ring mail
rPois   .          Reflect  .   m - +0 hat
rElec   .          Harm     .   P - +2 cloak {Will+}
rCorr   .          Rampage  .   (no gloves)
Will    +....                   (no boots)
Stlth   ..........              x - amulet of guardian spirit
HPRegen 0.23/turn               f - ring of protection from fire
MPRegen 0.10/turn               (no ring)

@: no status effects
A: horns 2, retaliatory headbutt
a: Renounce Religion, Berserk, Trog's Hand


You were on level 6 of the Dungeon.
You worshipped Trog.
Trog was most pleased with you.
You visited 1 branch of the dungeon, and saw 6 of its levels.

You collected 347 gold pieces.
You spent 100 gold pieces at shops.


Innate Abilities, Weirdness & Mutations

You have a pair of horns on your head.
You reflexively headbutt those who attack you in melee.


   Skills:
 - Level 10.0 Fighting
 - Level 3.6(7.1) Maces & Flails
 - Level 9.6(10.0) Staves
 + Level 4.6 Armour
 - Level 2.1 Dodging


You had 7 spell levels left.
You didn't know any spells.
Your spell library contained the following spells:

 Spells                   Type           Power      Damage    Failure   Level
 Ensorcelled Hibernation  Hex/Ice        0%         N/A       78%         2
 Sublimation of Blood     Necr           0%         N/A       78%         2
 Wereblood                Tmut           0%         N/A       78%         2
 Gell's Gravitas          Tloc           0%         N/A       95%         3
 Lesser Beckoning         Tloc           0%         N/A       95%         3
 Spider Form              Tmut/Pois      0%         N/A       95%         3
 Teleport Other           Tloc           0%         N/A       95%         3
 Anguish                  Hex/Necr       0%         N/A       100%        4
 Summon Hydra             Summ           0%         N/A       100%        7

Inventory:

Hand Weapons
 w - a +3 short sword {short}
   (You took it off an orc on level 3 of the Dungeon)
 C - a +1 spectral quarterstaff (weapon) {staff}
   (You took it off a kobold on level 3 of the Dungeon)
Missiles
 b - 6 javelins (quivered) {throwing}
Armour
 a - a +0 robe
   (You took it off an orc wizard on level 5 of the Dungeon)
 j - a +0 ring mail (worn)
   (You found it on level 1 of the Dungeon)
 m - a +0 hat (worn)
   (You found it on level 1 of the Dungeon)
 y - a +0 plate armour
   (You found it on level 3 of the Dungeon)
 z - a scarf of invisibility
   (You found it on level 3 of the Dungeon)
 A - a +0 robe
   (You took it off an orc wizard on level 5 of the Dungeon)
 B - a +0 leather armour
   (You took it off an orc priest on level 5 of the Dungeon)
 D - a +0 robe
   (You took it off an orc wizard on level 5 of the Dungeon)
 J - a +0 scale mail
   (You took it off an orc on level 5 of the Dungeon)
 P - a +2 cloak of willpower (worn)
   (You took it off Crazy Yiuf on level 4 of the Dungeon)
Jewellery
 f - a ring of protection from fire (left hand)
   (You found it on level 1 of the Dungeon)
 x - an amulet of guardian spirit (around neck)
   (You found it on level 3 of the Dungeon)
 F - a ring of poison resistance
   (You bought it in a shop on level 4 of the Dungeon)
 H - a ring of ice
   (You found it on level 4 of the Dungeon)
Scrolls
 c - a scroll of immolation {unknown}
 d - 2 scrolls of enchant weapon {unknown}
 e - 4 scrolls of identify {unknown}
 h - a scroll of vulnerability {unknown}
 k - 2 scrolls of blinking {unknown}
 n - a scroll of fog {unknown}
 o - a scroll of fear {unknown}
 r - 2 scrolls of teleportation {unknown}
 u - a scroll of summoning {unknown}
 v - a scroll of amnesia {unknown}
 G - a scroll of brand weapon {unknown}
 M - a scroll of enchant armour {unknown}
Potions
 g - a potion of flight {unknown}
 i - a potion of attraction {unknown}
 l - a potion of curing {@q1}
 p - 2 potions of heal wounds {unknown}
 q - 2 potions of brilliance {unknown}
 s - 2 potions of lignification {unknown}
 t - 2 potions of resistance {unknown}
 E - a potion of haste {unknown}
 I - a potion of mutation {unknown}

Dungeon Overview and Level Annotations

Branches:
Dungeon (6/15)
 Temple: D:4-7

Altars:
Makhleb
The Shining One

Shops:
D:3 = D:4

*=*= #.# #..# #.#
..# #.# ..# #.#
>.. ####.#
#.###..#.#
#.#...<..#
#.#.#.##.#
#@#.#....#
########.#.#..#.#
.....:).gg.####.#
......{og.......#
........g..######
......$....#
.......$..##
..........#
..........#


You could see a gnoll shaman, an orc priest (very poisoned) and 3 gnolls.


Message History

The puff of flame hits your +1 spectral quarterstaff {staff}.
Your +1 spectral quarterstaff {staff} resists.
Your spectral weapon shares its damage with you!
An orc wizard comes into view. It is wielding a +0 dagger of venom.
Your Armour skill increases to level 4!
You swap places.
An orc priest and an orc wizard come into view.
Found a stone staircase leading down.
The orc priest shouts!
The orc wizard casts a spell.
The orc wizard flickers and vanishes!
Deactivating autopickup; reactivate with Ctrl-A.
You hit the orc.
Your +1 spectral quarterstaff {staff} hits the orc!
You kill the orc!
Trog accepts your kill. The gnoll hits you but does no damage.
The gnoll barely misses you. x2
The orc wizard hits you but does no damage.
You hit the orc wizard. Your headbutt misses the orc wizard.
Your +1 spectral quarterstaff {staff} hits the orc wizard!!
You kill the orc wizard!
Trog accepts your kill.
Trog appreciates your killing of a magic user.
The gnoll hits you from afar with a +0 spear.
The gnoll hits you but does no damage.
The orc wizard gestures at you while chanting.
The magic dart hits you but does no damage.
You miss the orc wizard.
Your +1 spectral quarterstaff {staff} closely misses the orc wizard.
You barely miss the orc wizard. Your headbutt misses the orc wizard.
Your +1 spectral quarterstaff {staff} hits the orc wizard.
The gnoll throws a throwing net.
The throwing net hits you.
You become entangled in the net!
The gnoll hits you from afar with a +0 spear.
The gnoll barely misses you.
Something barely misses your +1 spectral quarterstaff {staff}.
The orc wizard casts a spell.
The orc wizard flickers and vanishes!
You tear a large gash into the net.
The gnoll hits you but does no damage. The gnoll barely misses you.
The gnoll hits you but does no damage.
You hear some strange, mumbled words.
The orc priest mumbles some strange prayers to Beogh against you.
Beogh smites you! Something hits you but does no damage.
You are poisoned.
You struggle against the net.
You feel very sick.
The gnoll hits you from afar with a +0 spear.
The gnoll hits you but does no damage.
The gnoll hits you from afar with a +0 halberd.
The orc priest invokes the aid of Beogh against you.
Beogh smites you!
HP[-39] MP[-5]
You take 39 damage, and now have 40/79 hp.
MASSIVE DAMAGE!! (PAUSE)
You lost 5 mp, and now have 2/7 mp.
You struggle against the net.
You feel sick. The gnoll hits you but does no damage.
The gnoll hits you from afar with a +0 spear.
* * * LOW HITPOINT WARNING * * *
The gnoll hits you but does no damage. Something hits you but does no damage.
HP[-2]
You take 2 damage, and now have 38/79 hp.
You rip the net and break free!
You feel sick.
The gnoll hits you from afar with a +0 spear.
* * * LOW HITPOINT WARNING * * *
The gnoll hits you from afar with a +0 spear.
* * * LOW HITPOINT WARNING * * *
The gnoll hits you from afar with a +0 halberd!
* * * LOW HITPOINT WARNING * * *
Something hits you but does no damage.
The orc priest invokes the aid of Beogh against you.
Beogh smites you!
* * * LOW HITPOINT WARNING * * *
Something hits you but does no damage.
You are more poisoned.
HP[-35] MP[-1]
You take 35 damage, and now have 3/79 hp.
MASSIVE DAMAGE!! (PAUSE)
You lost 1 mp, and now have 1/7 mp.
It was a potion of curing.
You feel better. The gnoll hits you but does no damage.
The gnoll hits you from afar with a +0 spear.
* * * LOW HITPOINT WARNING * * *
The gnoll hits you but does no damage. Something hits you but does no damage.
Something hits the orc priest.
The orc priest is poisoned.
HP[+4] MP[-1]
You regained 4 hp, and now have 7/79 hp.
You lost 1 mp, and now have 0/7 mp.
Something hits you.
* * * LOW HITPOINT WARNING * * *
The gnoll shaman calls upon its god to speed up the gnoll.
The gnoll seems to speed up.
HP[-1]
You take 1 damage, and now have 6/79 hp.
Something hits you.
* * * LOW HITPOINT WARNING * * *
The gnoll hits you from afar with a +0 halberd!
You die...

Skill      XL: |  1  2  3  4  5  6  7  8 |
---------------+-------------------------+-----
Staves         | 2 3 4 8 9 |  9.6
Fighting       | 6 10 | 10.0
Armour         | 4 |  4.6
Maces & Flails | |  3.6
Dodging        | |  2.1

Action                   |  1- 3 |  4- 6 |  7- 9 || total
-------------------------+-------+-------+-------++-------
Melee: Mace              |   109 |    11 |       ||   120
       Headbutt          |     9 |     5 |    13 ||    27
       Quarterstaff      |       |    13 |    91 ||   104
Invok: Berserk           |     2 |       |       ||     2
       Trog's Hand       |       |       |     1 ||     1
  Use: Potion            |       |       |     1 ||     1
 Stab: Distracted        |       |     1 |       ||     1
Armor: Animal skin       |     4 |       |       ||     4
       Ring mail         |    24 |     9 |    33 ||    66
Dodge: Dodged            |    78 |     8 |    32 ||   118

Levels and vault maps discovered:
D:1:      kennysheep_arrival_seaside, layout_basic,
          ebering_ecumenical_altar_box, minmay_domino_4
D:2:      layout_loops_ring, nicolae_elevator_lobby_asterisk
D:3:      layout_rooms, serial_shops, shop, minmay_cupped
D:4:      layout_loops_cross, minmay_shop_grid_forest, minmay_box_of_dots,
          uniq_crazy_yiuf_cottage, uniq_sigmund, uniq_pikel
D:5:      layout_rooms, nicolae_tso_besieged_by_evil, amcnicky_altar_gilded,
          hex_tiny, kennysheep_generic_room_10
D:6:      layout_basic, yredelemnul_forgotten_temple_becter,
          minmay_temple_entry_poolview

Notes
Turn   | Place    | Note
-------+----------+-------------------------------------------
     0 | D:1      | zeratav the Minotaur Berserker began the quest for the Orb.
     0 | D:1      | Reached XP level 1. HP: 19/19 MP: 0/0
     0 | D:1      | magus.rc [v1.9.6]
    81 | D:1      | Found a faded altar of an unknown god.
   137 | D:1      | Reached skill level 1 in Staves
   208 | D:1      | Reached skill level 2 in Staves
   210 | D:1      | Reached XP level 2. HP: 25/26 MP: 1/1
   753 | D:1      | Reached skill level 3 in Staves
   971 | D:1      | Reached XP level 3. HP: 31/31 MP: 2/2
  1225 | D:1      | Reached ** piety under Trog
  1757 | D:2      | Reached skill level 4 in Staves
  2538 | D:3      | You pick up a book of Blood {forbidden} and begin
                  | reading...
  2538 | D:3      | You add the spells Sublimation of Blood, Wereblood and
                  | Summon Hydra to your library.
  2662 | D:3      | Found Xumutime's Jewellery Shop.
  2712 | D:3      | Reached XP level 4. HP: 39/39 MP: 3/3
  2985 | D:3      | You pick up a book of Displacement {forbidden} and begin
                  | reading...
  2985 | D:3      | You add the spells Lesser Beckoning, Gell's Gravitas and
                  | Teleport Other to your library.
  3199 | D:4      | Noticed Pikel
  3199 | D:4      | Noticed a lemure
  3199 | D:4      | Noticed a lemure
  3212 | D:4      | Killed Pikel
  3213 | D:4      | Reached skill level 8 in Staves
  3213 | D:4      | Reached XP level 5. HP: 37/45 MP: 2/4
  3213 | D:4      | Reached XP level 6. HP: 42/51 MP: 2/5
  3213 | D:4      | Reached XP level 7. HP: 47/57 MP: 2/6
  3386 | D:4      | Found Avay's General Store.
  3394 | D:4      | Noticed Sigmund
  3400 | D:4      | Killed Sigmund
  3401 | D:4      | Reached skill level 9 in Staves
  3412 | D:4      | Found Seduofu's Assorted Antiques.
  3413 | D:4      | Found Esungeos's Jewellery Shop.
  3414 | D:4      | Found Guehud's Jewellery Shop.
  3434 | D:4      | Bought a jade ring for 100 gold pieces
  3469 | D:4      | Reached skill level 4 in Fighting
  3558 | D:4      | Reached skill level 5 in Fighting
  3560 | D:4      | Reached *** piety under Trog
  3641 | D:4      | Found a runed translucent door.
  3642 | D:4      | Noticed Crazy Yiuf
  3802 | D:4      | You pick up a book of Dreams {forbidden} and begin
                  | reading...
  3802 | D:4      | You add the spells Ensorcelled Hibernation, Spider Form and
                  | Anguish to your library.
  4015 | D:4      | Killed Crazy Yiuf
  4124 | D:5      | Entered Level 5 of the Dungeon
  4152 | D:5      | Reached skill level 6 in Fighting
  4166 | D:5      | Reached XP level 8. HP: 55/71 MP: 5/7
  4170 | D:5      | Reached skill level 7 in Fighting
  4264 | D:5      | Reached skill level 8 in Fighting
  4290 | D:5      | Found a glowing golden altar of the Shining One.
  4364 | D:5      | Reached skill level 9 in Fighting
  4582 | D:5      | Found a burning altar of Makhleb.
  4681 | D:5      | Reached skill level 10 in Fighting
  4783 | D:5      | Reached skill level 3 in Armour
  4961 | D:6      | Reached skill level 4 in Armour
  4971 | D:6      | HP: 3/79 [orc priest/divine providence (17)]
  4974 | D:6      | Slain by a gnoll

Vanquished Creatures
  Pikel (D:4)
  Sigmund (D:4)
  2 ice beasts
  A black bear (D:5)
  An ogre (D:5)
  A centaur (D:5)
  2 phantoms (D:5)
  4 scorpions (D:5)
  A howler monkey (D:5)
  A quasit (D:5)
  2 jellies (D:5)
  Crazy Yiuf (D:4)
  2 orc priests
  2 hounds (D:5)
  4 orc wizards
  5 adders
  A shadow imp (D:5)
  3 dart slugs
  13 orcs
  9 endoplasms
  3 goblins
  7 hobgoblins
  16 jackals
  3 quokkas (D:1)
  9 ball pythons
  5 bats
  7 frilled lizards
  A goblin skeleton (D:5)
  A goblin zombie (D:5)
  3 hobgoblin zombies (D:5)
  6 kobolds
  2 orc skeletons (D:5)
  An orc zombie (D:5)
  3 rats
124 creatures vanquished.

Table legend:
 A = Non-vault XP
 B = Vault XP
 C = Vault XP percentage of total XP
 D = Non-vault monster count
 E = Vault monster count
 F = Vault count percentage of total count
                 A         B        C        D         E       F
            +---------+---------+-------+---------+---------+-------
      Total |    1681 |    1106 |  39.7 |     100 |      24 |  19.4
            +---------+---------+-------+---------+---------+-------
        D:1 |      61 |       6 |   9.0 |      34 |       3 |   8.1
        D:2 |      19 |       0 |   0.0 |      12 |       0 |   0.0
        D:3 |      21 |      21 |  50.0 |      11 |       4 |  26.7
        D:4 |     224 |     905 |  80.2 |      19 |       7 |  26.9
        D:5 |    1191 |     174 |  12.7 |      21 |      10 |  32.3
        D:6 |     165 |       0 |   0.0 |       3 |       0 |   0.0
            +---------+---------+-------+---------+---------+-------

Illustrated notes

Table legend:
 A = Kills in this place as a percentage of kills in entire the game.
 B = Kills by you in this place as a percentage of kills by you in the entire game.
 C = Kills by friends in this place as a percentage of kills by friends in the entire game.
 D = Other kills in this place as a percentage of other kills in the entire game.
 E = Experience gained in this place as a percentage of experience gained in the entire game.
 F = Experience gained in this place divided by the number of levels of this place that you have seen.
                   A       B       C       D       E      F
               +-------+-------+-------+-------+-------+----------------------
         Total | 100.0 | 100.0 |   N/A |   N/A | 100.0 | 464.5
       Dungeon | 100.0 | 100.0 |   N/A |   N/A | 100.0 | 464.5
               +-------+-------+-------+-------+-------+----------------------

Table legend: (Time is in decaauts)
 A = Elapsed time spent in this place.
 B = Non-inter-level travel time spent in this place.
 C = Inter-level travel time spent in this place.
 D = Time resting spent in this place.
 E = Time spent auto-exploring this place.
 F = Levels seen in this place.
 G = Mean time per level.
                   A        B        C        D        E       F      G
               +--------+--------+--------+--------+--------+-----+--------+
         Total |   4995 |   4784 |    211 |    605 |   3530 |   6 |  832.5 |
       Dungeon |   4995 |   4784 |    211 |    605 |   3530 |   6 |  832.5 |
               +--------+--------+--------+--------+--------+-----+--------+

Top non-repeatable levels by time:
     D:1: 1750 daAuts
     D:4: 924 daAuts
     D:5: 814 daAuts
     D:2: 813 daAuts
     D:3: 668 daAuts
     D:6: 24 daAuts
